 Dungeon Crawl Stone Soup version 0.14.0-24-gfb45beb (webtiles) character file.

367 Qrupt the Skirmisher (level 5, -19/41 HPs)
             Began as a Demonspawn Chaos Knight on Apr 22, 2014.
             Was a Plaything of Xom.
             Demolished by a large abomination (26 damage)
             ... on Level 1 of the Abyss.
             The game lasted 00:07:47 (2764 turns).

Qrupt the Skirmisher (Demonspawn Chaos Knight)      Turns: 2764, Time: 00:07:53

HP -19/41        AC 12     Str 13      XL: 5   Next: 11%
MP   5/5         EV 10     Int 13      God: Xom
Gold 216         SH 10     Dex 13      Spells:  0 memorised,  4 levels left

rFire  . . .     SeeInvis .     a - +0,+1 falchion (chaos)
rCold  . . .     Clarity  +     b - +2 leather armour
rNeg   . . .     Conserve .     d - +2 buckler {AC+3}
rPois  .         rCorr    .     (no helmet)
rElec  .         rRot     .     (no cloak)
SustAb . .       Spirit   .     u - +2 pair of gloves
rMut   .         Warding  .     (no boots)
Saprov . . .     Stasis   .     o - amulet of clarity {unknown}
MR     .....                    (no ring)
                                (no ring)

@: about to teleport, not resistant to hostile enchantments, very unstealthy
A: icy blue scales 1, spiny 1
a: Renounce Religion


You were on level 1 of the Abyss.
You worshipped Xom.
You were a special plaything of Xom.
You were hungry.

You visited 1 branch of the dungeon, and saw 3 of its levels.
You visited the Abyss 1 time.

You collected 216 gold pieces.

Inventory:

Hand weapons
 a - a +0,+1 falchion of chaos (weapon)
Armour
 b - a +2 leather armour (worn)
 d - a +2 buckler of protection (worn)
 u - a +2 pair of gloves (worn)
Magical devices
 x - a wand of magic darts (8) {unknown}
Comestibles
 c - 3 bread rations
 f - 9 strawberries
 t - a meat ration
 w - 2 chunks of jackal flesh
Scrolls
 e - a scroll of enchant weapon II
 i - 4 scrolls of identify
 k - 3 scrolls of fog
 r - a scroll of amnesia {unknown}
Jewellery
 l - an uncursed ring of fire
 o - an amulet of clarity (around neck) {unknown}
Potions
 g - 3 potions of curing
 h - 2 potions of restore abilities
 s - a potion of degeneration {unknown}
 v - a potion of haste


   Skills:
 + Level 3.6 Fighting
 + Level 3.2 Long Blades
 + Level 2.8 Armour
 + Level 2.2 Dodging
 + Level 1.4 Shields


You had 4 spell levels left.
You didn't know any spells.

Dungeon Overview and Level Annotations

Branches:
Dungeon (3/15)

Altars:


Innate Abilities, Weirdness & Mutations

You are partially covered in icy blue scales (AC +1).
You are partially covered in sharp spines.


Message History

Read which item? (? for menu, Esc to quit)
Okay, then.
Drink which item? (? for menu, Esc to quit)
You feel better.
It was a potion of curing.
Xom thinks this is hilarious!
You are engulfed in a cloud of scalding steam.
You block the smoke demon's attack. x2
The smoke demon hits you but does no damage.
The large abomination hits you!
* * * LOW HITPOINT WARNING * * *
Drink which item? (? for menu, Esc to quit)
You feel refreshed.
It was a potion of restore abilities.
You are engulfed in a cloud of scalding steam.
The smoke demon gestures at you. The ball of steam hits you!
* * * LOW HITPOINT WARNING * * *
The large abomination hits you!
Ouch! That really hurt!
You die...
Xom titters!

# ###.. .# #.#.
##....#...# ....#
#....# ..# #...#
##.#..#. ##
#..####.##..#...#.###
....#..#....#.
..##..##3.. .###
#..##X3..# . .. # .
#..## #@## ## ...#. .
# . ### #.# ## #.# #
#. ##.#.#.... ..
##...## ..#. #.#
..#.# . #. ##.#.## #
..# #. #. . #.. #. .#
. # ..# ..# ..#


You could see a large abomination (inner flame) and a smoke demon (inner flame).

Vanquished Creatures
  An orc wizard (D:3)
  2 adders
  2 worms
  An ufetubus (Abyss:1)
  2 giant geckos (D:3)
  2 oozes
  6 orcs
  2 giant cockroaches
  4 goblins
  5 hobgoblins
  12 jackals
  9 kobolds
  3 quokkas (D:2)
  11 bats
  3 giant newts
  13 rats
78 creatures vanquished.

Notes
Turn   | Place    | Note
--------------------------------------------------------------
     0 | D:1      | Qrupt, the Demonspawn Chaos Knight, began the quest for the Orb.
     0 | D:1      | Reached XP level 1. HP: 18/18 MP: 1/1
    39 | D:1      | Reached skill level 1 in Dodging
    39 | D:1      | XOM: harmless Summ miscast
    58 | D:1      | Gained mutation: You are partially covered in sharp spines. [demonic ancestry]
    58 | D:1      | Reached XP level 2. HP: 18/24 MP: 2/2
   195 | D:1      | XOM: harmless Pois miscast
   280 | D:1      | Gained mutation: You are partially covered in icy blue scales (AC +1). [demonic ancestry]
   280 | D:1      | Reached XP level 3. HP: 16/29 MP: 3/3
   523 | D:1      | XOM: harmless Chrm miscast
   562 | D:1      | XOM: harmless Summ miscast
  1176 | D:2      | XOM: god gift: scroll labeled BOHAHI CRIFY
  1226 | D:2      | Reached skill level 1 in Shields
  1708 | D:2      | Reached XP level 4. HP: 33/35 MP: 4/4
  1745 | D:2      | XOM: vitrification
  2149 | D:3      | XOM: divination: detect creatures
  2331 | D:3      | XOM: enchant monster (bad)
  2335 | D:3      | Reached XP level 5. HP: 14/41 MP: 5/5
  2420 | D:3      | XOM: mild Trmt miscast
  2614 | D:3      | XOM: severe Tloc miscast
  2614 | D:3      | Cast into the Abyss (the severe capriciousness of Xom)
  2728 | Abyss:1  | Noticed a raiju
  2737 | Abyss:1  | Noticed a smoke demon
  2753 | Abyss:1  | Noticed a large abomination
  2764 | Abyss:1  | Demolished by a large abomination

Action                   |  1- 3 |  4- 6 || total
-------------------------+-------+-------++-------
Melee: Falchion          |   149 |   101 ||   250
  Use: Scroll            |     1 |     5 ||     6
       Potion            |       |     2 ||     2
 Stab: Paralysed         |     3 |       ||     3
       Petrified         |     3 |       ||     3
       Petrifying        |     1 |     1 ||     2
       Confused          |     1 |       ||     1
